 Dungeon Crawl Stone Soup version 0.30-a0-1114-gd936c97349 (webtiles) character file.

Game seed: 13246551031499180034

42201 themarg the Fighter (level 13, -3/106 HPs)
             Began as a Demonspawn Cinder Acolyte on Apr 21, 2023.
             Was a High Priest of Ignis.
             Slain by a death yak (12 damage)
             ... on level 4 of the Lair of Beasts.
             The game lasted 00:53:56 (20341 turns).

themarg the Fighter (Demonspawn Cinder Acolyte)    Turns: 20341, Time: 00:53:56

Health: -3/106     AC: 11    Str: 16    XL:     13   Next: 84%
Magic:  16/27      EV: 16    Int: 26    God:    Ignis [*****.]
Gold:   1098       SH:  0    Dex: 12    Spells: 19/32 levels left

rFire   + . .      SeeInvis .    a - +0 dagger (venom)
rCold   + + .      Faith    .    (no shield)
rNeg    . . .      Spirit   .    t - +1 robe
rPois   .          Reflect  .    (helmet unavailable)
rElec   +          Rampage  .    (no cloak)
rCorr   .                        T - +0 pair of gloves
Will    .....                    v - +1 pair of boots
Stlth   ++                       X - amulet of the acrobat
HPRegen 0.37/turn                c - +4 ring of protection
MPRegen 0.20/turn                e - ring "Hukozay" {Contam rElec rC++ Int+6 Dex+4}

@: no status effects
A: horns 3, rugged brown scales 1, demonic magic 3
a: Renounce Religion, Fiery Armour, Foxfire Swarm, Rising Flame


You were on level 4 of the Lair of Beasts.
You worshipped Ignis.
Ignis was extremely pleased with you.
You visited 3 branches of the dungeon, and saw 16 of its levels.
You also visited: Bailey.

You collected 1098 gold pieces.

Inventory:

Hand Weapons
 a - a +0 dagger of venom (weapon)
 b - the +3 Elemental Staff {rElec rF+ rC+ AC+3}
   (You acquired it in a bailey)

   It enhances your fire, ice, earth and air magic.
   AC:        It affects your AC (+3).
   rF:        It protects you from fire.
   rC:        It protects you from cold.
   rElec:     It insulates you from electricity.
Missiles
 f - 4 poisoned darts (quivered)
 h - 127 stones
 i - 4 javelins
 n - 8 throwing nets
 J - 10 boomerangs
 Y - 5 atropa-tipped darts
Armour
 t - a +1 robe (worn)
 v - a +1 pair of boots (worn)
 D - a +0 leather armour of poison resistance
 T - a +0 pair of gloves (worn)
Jewellery
 c - a +4 ring of protection (left hand)
 e - the ring "Hukozay" (right hand) {Contam rElec rC++ Int+6 Dex+4}
   (You acquired it in a bailey)

   [ring of intelligence]

   Int:       It affects your intelligence (+6).
   Dex:       It affects your dexterity (+4).
   rC:        It greatly protects you from cold.
   rElec:     It insulates you from electricity.
   Contam:    It causes magical contamination when unequipped.
 p - a ring of protection from fire
 w - a ring of see invisible
 C - a +5 ring of evasion
 F - a +6 ring of dexterity
 G - a ring of wizardry
 N - a ring of protection from fire
 R - a ring of resist corrosion
 V - a +5 ring of evasion
 X - an amulet of the acrobat (around neck)
Wands
 s - a wand of flame (35)
 M - a wand of paralysis (14)
 P - a wand of iceblast (10)
Scrolls
 g - 3 scrolls of immolation
 j - 2 scrolls of blinking {unknown}
 k - 2 scrolls of silence {unknown}
 m - 2 scrolls of magic mapping
 o - 9 scrolls of enchant weapon
 q - 4 scrolls of fog
 x - 3 scrolls of butterflies
 y - 6 scrolls of teleportation
 A - 4 scrolls of poison
 B - 2 scrolls of enchant armour {unknown}
 L - 4 scrolls of fear {unknown}
 Q - 4 scrolls of amnesia {unknown}
 S - a scroll of torment {unknown}
 Z - a scroll of noise {unknown}
Potions
 d - 2 potions of might
 l - 2 potions of magic
 r - 4 potions of lignification
 u - 3 potions of cancellation
 z - a potion of ambrosia {unknown}
 E - 3 potions of attraction
 H - 9 potions of curing
 I - 7 potions of heal wounds
 K - 2 potions of brilliance {unknown}
 U - a potion of mutation {unknown}
 W - a potion of berserk rage {unknown}
Miscellaneous
 O - a lightning rod (4/4)


   Skills:
 - Level 10.0 Fighting
 + Level 6.2 Short Blades
 - Level 2.6 Axes
 - Level 2.0 Throwing
 - Level 10.0 Dodging
 - Level 3.0 Stealth
 - Level 10.0 Spellcasting
 - Level 6.5 Conjurations
 - Level 7.0 Fire Magic
 - Level 6.5 Ice Magic
 - Level 6.5 Air Magic
 - Level 3.0 Poison Magic
 - Level 2.0 Evocations


You had 19 spell levels left.
You knew the following spells:

 Your Spells              Type           Power      Damage    Failure   Level
a - Scorch                Fire           98%        2d9       1%          2
b - Mephitic Cloud        Conj/Pois/Air  40%        N/A       1%          3
c - Ignite Poison         Fire/Tmut/Pois 30%        N/A       3%          3
d - Freezing Cloud        Conj/Ice/Air   23%        6-21      9%          5

Your spell library contained the following spells:

 Spells                   Type           Power      Damage    Failure   Level
 Magic Dart               Conj           100%       1d8       1%          1
 Shock                    Conj/Air       100%       1d9       1%          1
 Cigotuvi's Dreadful Rot  Necr/Pois/Air  58%        N/A       1%          2
 Ozocubu's Armour         Ice            46%        N/A       1%          3
 Swiftness                Air            46%        N/A       1%          3
 Flame Wave               Conj/Fire      48%        2d12      2%          4
 Stone Arrow              Conj/Erth      58%        3d10      3%          3
 Vhi's Electric Charge    Tloc/Air       58%        N/A       3%          3
 Airstrike                Air            23%        2d(4-20)  3%          4
 Apportation              Tloc           26%        N/A       4%          1
 Sandblast                Erth           26%        2d8       4%          1
 Summon Small Mammal      Summ           52%        N/A       4%          1
 Call Imp                 Summ           26%        N/A       7%          2
 Passwall                 Tmut/Erth      10%        N/A       7%          2
 Arcjolt                  Conj/Air       23%        1d33      9%          5
 Call Canine Familiar     Summ           13%        N/A       14%         3
 Summon Guardian Golem    Hex/Summ       13%        N/A       14%         3
 Metabolic Englaciation   Hex/Ice        14%        N/A       32%         5
 Petrify                  Tmut/Erth      13%        N/A       41%         4
 Plasma Beam              Fire/Air       24%        2x1d39    41%         6
 Alistair's Intoxication  Tmut/Pois      13%        N/A       56%         5
 Orb of Destruction       Conj           23%        9d8       95%         7
 Ozocubu's Refrigeration  Ice            23%        4d12      95%         7
 Statue Form              Tmut/Erth      8%         N/A       100%        6
 Summon Cactus Giant      Summ           6%         N/A       100%        6
 Spellforged Servitor     Conj/Summ      14%        N/A       100%        7


Dungeon Overview and Level Annotations

Branches:
Dungeon (11/15)            Temple (1/1) D:6            Lair (4/5) D:8
  Swamp (0/4) Lair:3       Spider (0/4) Lair:2       Bailey (visited)
  Slime: Lair:4-5       Orc: D:9-12

Altars:
Ashenzari
Cheibriados
Dithmenos
Fedhas
Gozag
Hepliaklqana
Kikubaaqudgha
Makhleb
Nemelex Xobeh
Okawaru
Qazlal
Ru
Sif Muna
Trog
Uskayaw
Vehumet
Wu Jian
Xom
Yredelemnul

Shops:
D:5 :   D:7 (   D:10 *

Annotations:
D:8 2 transporters
Lair:4 Rupert


Innate Abilities, Weirdness & Mutations

You have a pair of large horns on your head.
You are partially covered in rugged brown scales. (AC +1, +3% HP)
Spells you cast and wands you use may paralyse nearby enemies.


Message History

The death yak seems to burn from within!!
The death yak is heavily wounded.
The death yak seems to burn from within!!!
The death yak is severely wounded.
Malevolent energies surge around you. The death yak barely misses you.
The death yak gores you but does no damage.
You hit the death yak but do no damage.
The death yak is poisoned.
You headbutt the death yak, but do no damage.
The death yak is severely wounded.
The death yak gores you!! The death yak gores you!
You hit the death yak.
The death yak is poisoned.
You headbutt the death yak.
The death yak is heavily wounded.
The death yak barely misses you. The death yak completely misses you.
You hit the death yak but do no damage.
The death yak looks as sick as possible!
The death yak is heavily wounded.
You ignite the poison in your surroundings!
The death yak seems to burn from within!!!
You kill the death yak!
The death yak seems to burn from within!!
The death yak is almost dead.
Malevolent energies surge around you. The death yak gores you.
You hit the death yak but do no damage.
The death yak is poisoned.
You headbutt the death yak.
The death yak is lightly wounded.
The death yak gores you but does no damage.
The death yak gores you!
You hit the death yak but do no damage.
The death yak looks as sick as possible!
You headbutt the death yak, but do no damage.
The death yak is lightly wounded.
The death yak gores you! x2
* * * LOW HITPOINT WARNING * * *
You ignite the poison in your surroundings!
The death yak seems to burn from within!!!
The death yak is severely wounded.
Malevolent energies surge around you. The death yak gores you!!
* * * LOW HITPOINT WARNING * * *
The death yak misses you. The death yak gores you!
You die...

#...........##.####
#..........#......
#................. #
#....†....?.#.....
#.#.................
#..................
#..........##.#P.#
#...YYY....# ## ## ##
#####@#+#### ...#
##....# ...# #...###
####+.##. ##.#####
##.#.....#
####+.#..####.#.......
#P......<.#...........#
#P...........##.#.....#
##.......P...###.......
#.......+.### ##......


You could see 3 death yaks.

Vanquished Creatures
  Gastronok (Lair:1)
  Harold (Lair:1)
  A hydra (Lair:3)
  Erica (D:8)
  Erolcha (D:10)
  4 boulder beetles
  A two-headed ogre (D:11)
  A death yak (Lair:4)
  An orc high priest (Bailey)
  Nergalle (D:10)
  An orc sorcerer (Bailey)
  A manticore (D:11)
  Joseph (D:9)
  A cyclops (D:7)
  3 black mambas
  8 cane toads
  6 komodo dragons
  3 rime drakes
  A troll (D:8)
  A polar bear (Lair:4)
  A hornet (D:8)
  17 blink frogs
  11 dream sheep
  5 jumping spiders (Lair:2)
  2 culicivoras (Lair:2)
  4 wyverns
  A shadow (D:11)
  24 yaks
  3 redbacks (Lair:2)
  2 wraiths
  2 vampire mosquitoes (D:11)
  2 basilisks
  2 steam dragons
  An acid dragon (D:9)
  12 water moccasins
  15 orc warriors
  A swamp drake (Lair:3)
  2 sky beasts
  An ice beast (D:7)
  An ogre (D:4)
  13 wolves
  2 lemures (D:7)
  A phantom (D:5)
  A kobold brigand (D:6)
  Blork the orc (D:5)
  15 bullfrogs
  7 wights
  4 killer bees
  9 electric eels
  4 howler monkeys
  4 jellies
  2 orc priests
  7 hounds
  4 gnoll boudas
  Terence (D:3)
  Jessica (D:2)
  Ijyb (D:3)
  Natasha (D:3)
  3 iguanas
  14 orc wizards
  Robin (D:2)
  13 gnolls
  6 adders
  2 white imps (D:5)
  3 worms
  11 dart slugs
  51 orcs
  4 ball pythons
  4 endoplasms
  A giant cockroach (D:1)
  20 goblins
  14 hobgoblins
  5 quokkas
  3 bats
  A frilled lizard (D:2)
  6 kobolds
  6 rats
394 creatures vanquished.

Vanquished Creatures (others)
  A bush (Lair:1)
  33 fungi
  56 plants
90 creatures vanquished.

Grand Total: 484 creatures vanquished

Notes
Turn   | Place    | Note
-------+----------+-------------------------------------------
     0 | D:1      | themarg the Demonspawn Cinder Acolyte began the quest for
                  | the Orb.
     0 | D:1      | Reached XP level 1. HP: 18/18 MP: 2/2
   324 | D:1      | Found a faded altar of an unknown god.
   355 | D:1      | Gained mutation: You have a pair of small horns on your
                  | head. [demonic ancestry]
   355 | D:1      | Reached XP level 2. HP: 21/24 MP: 3/3
   358 | D:1      | Learned a level 2 spell: Scorch
   957 | D:2      | Reached skill level 1 in Dodging
  1033 | D:2      | Noticed Robin
  1179 | D:2      | Gained mutation: You are partially covered in rugged brown
                  | scales. (AC +1, +3% HP) [demonic ancestry]
  1179 | D:2      | Reached XP level 3. HP: 24/29 MP: 5/5
  1339 | D:2      | Reached XP level 4. HP: 24/36 MP: 1/7
  1399 | D:2      | Killed Robin
  1888 | D:2      | Noticed Jessica
  1892 | D:2      | Killed Jessica
  2020 | D:3      | Noticed Ijyb
  2020 | D:3      | Noticed Terence
  2139 | D:3      | Killed Ijyb
  2140 | D:3      | Gained mutation: Spells you cast may paralyse adjacent
                  | enemies. [demonic ancestry]
  2140 | D:3      | Reached XP level 5. HP: 39/42 MP: 1/8
  2205 | D:3      | Killed Terence
  2706 | D:3      | Noticed Natasha
  2710 | D:3      | Killed Natasha
  2711 | D:3      | Reached skill level 5 in Fire Magic
  3342 | D:4      | Reached XP level 6. HP: 46/48 MP: 0/9
  3631 | D:4      | Found a shimmering blue altar of Sif Muna.
  3871 | D:4      | Noticed a water moccasin
  3878 | D:4      | Killed a water moccasin
  3998 | D:4      | Gained mutation: Spells you cast may paralyse nearby
                  | enemies. [demonic ancestry]
  3998 | D:4      | Reached XP level 7. HP: 51/56 MP: 7/10
  4277 | D:5      | Entered Level 5 of the Dungeon
  4404 | D:5      | Reached skill level 5 in Fighting
  5017 | D:5      | Noticed Blork the orc
  5025 | D:5      | Killed Blork the orc
  5147 | D:5      | Found Hetanan's Self-Improvement Boutique.
  5323 | D:5      | Reached skill level 1 in Stealth
  5907 | D:6      | Gained mutation: Spells you cast and wands you use may
                  | paralyse nearby enemies. [demonic ancestry]
  5907 | D:6      | Reached XP level 8. HP: 63/63 MP: 6/11
  6263 | D:6      | You fall into a shaft and drop 1 floor!
  6301 | D:7      | Found Soit's Antique Weapon Shoppe.
  6445 | D:6      | Reached skill level 5 in Dodging
  6493 | D:6      | Found a staircase to the Ecumenical Temple.
  6511 | Temple   | Entered the Ecumenical Temple
  6968 | D:7      | Reached skill level 1 in Short Blades
  7170 | D:7      | Noticed a cyclops
  7180 | D:7      | Killed a cyclops
  7576 | D:7      | Found an opulent altar of Gozag.
  7684 | D:7      | Reached skill level 5 in Short Blades
  7690 | D:7      | Reached XP level 9. HP: 67/70 MP: 5/14
  7941 | D:8      | Found a flagged portal.
  7951 | Bailey   | Entered a bailey
  8179 | Bailey   | Reached skill level 5 in Spellcasting
  8416 | Bailey   | Reached skill level 1 in Throwing
  8416 | Bailey   | Reached skill level 1 in Evocations
  8659 | Bailey   | Noticed an orc sorcerer
  8670 | Bailey   | Noticed an ice devil
  8671 | Bailey   | Killed an orc sorcerer
  8772 | Bailey   | Found an iron altar of Okawaru.
  8824 | Bailey   | Noticed an orc high priest
  8829 | Bailey   | Noticed a hellwing
  8831 | Bailey   | Noticed a soul eater
  8834 | Bailey   | Identified the +1 sling of Joell {freeze, Will+ Str-2 Int+7
                  | Stlth+}
  8841 | Bailey   | Noticed an orange demon
  8841 | Bailey   | Noticed a hellwing
  8843 | Bailey   | Killed an orc high priest
  8844 | Bailey   | Reached XP level 10. HP: 6/79 MP: 1/20
  9784 | Bailey   | Acquired the +3 Elemental Staff {rElec rF+ rC+ AC+3}
  9784 | Bailey   | Found the +3 Elemental Staff {rElec rF+ rC+ AC+3}
  9786 | Bailey   | Acquired the ring "Hukozay" {Contam rElec rC++ Int+6 Dex+4}
  9935 | D:8      | Reached skill level 1 in Poison Magic
 10259 | D:8      | Found a staircase to the Lair.
 10332 | D:8      | Reached skill level 1 in Conjurations
 10527 | D:8      | Reached skill level 1 in Air Magic
 10640 | D:8      | Noticed Erica
 10652 | D:8      | Killed Erica
 10657 | D:8      | Learned a level 3 spell: Mephitic Cloud
 10661 | D:8      | Learned a level 3 spell: Ignite Poison
 11039 | D:8      | Found a transporter.
 11040 | D:8      | Found a transporter.
 11040 | D:8      | Noticed a boulder beetle
 11317 | D:8      | Gained mutation: You have a pair of horns on your head.
                  | [demonic ancestry]
 11317 | D:8      | Reached XP level 11. HP: 86/86 MP: 22/24
 11455 | D:9      | Reached skill level 1 in Ice Magic
 11866 | D:9      | Gained mutation: You have a pair of large horns on your
                  | head. [demonic ancestry]
 11866 | D:9      | Reached XP level 12. HP: 63/94 MP: 18/25
 12101 | D:9      | Noticed Joseph
 12107 | D:9      | Killed Joseph
 12403 | D:10     | Entered Level 10 of the Dungeon
 12592 | D:10     | Noticed Nergalle
 12602 | D:10     | Killed Nergalle
 12797 | D:10     | Noticed a boulder beetle
 12812 | D:10     | Killed a boulder beetle
 13292 | D:10     | Noticed Erolcha
 13302 | D:10     | Killed Erolcha
 13424 | D:10     | Found Atrabor's Assorted Antiques.
 14300 | D:11     | Noticed a boulder beetle
 14312 | D:11     | Killed a boulder beetle
 14313 | D:11     | Reached skill level 5 in Ice Magic
 14858 | D:11     | Noticed a boulder beetle
 14887 | D:11     | Killed a boulder beetle
 15165 | D:11     | Noticed a two-headed ogre
 15171 | D:11     | Killed a two-headed ogre
 15172 | D:11     | Reached skill level 10 in Fighting
 15238 | D:11     | Found a stormy altar of Qazlal.
 15488 | Lair:1   | Entered Level 1 of the Lair of Beasts
 16303 | Lair:1   | Noticed Harold
 16317 | Lair:1   | Killed Harold
 16328 | Lair:1   | Reached skill level 5 in Conjurations
 16576 | Lair:1   | Noticed Gastronok
 16631 | Lair:1   | Killed Gastronok
 16632 | Lair:1   | Reached skill level 5 in Air Magic
 16632 | Lair:1   | Reached XP level 13. HP: 82/106 MP: 15/26
 17043 | Lair:2   | Found a hole to the Spider Nest.
 17794 | Lair:2   | Learned a level 5 spell: Freezing Cloud
 17875 | Lair:2   | Reached skill level 10 in Spellcasting
 18930 | Lair:2   | Reached skill level 10 in Dodging
 19777 | Lair:3   | Found a staircase to the Swamp.
 20187 | Lair:4   | Noticed Rupert
 20341 | Lair:4   | Slain by a death yak

Illustrated notes

Levels and vault maps discovered:
D:1:      mrwooster_arrival_statue_2, layout_basic,
          shapermc_ecumenical_altar_mp_highgroup
D:2:      layout_rooms, st_stairs_6, nicolae_grassy_gnolls, uniq_robin,
          uniq_jessica
D:3:      layout_loops_ring, serial_bayou, serial_bayou_shore_a,
          serial_bayou_lagoon_b, serial_bayou_pond_d, serial_bayou_crossing,
          uniq_ijyb, uniq_natasha, uniq_terence
D:4:      layout_loops_ring, nicolae_sif_muna_little_library
D:5:      kennysheep_slugbush, layout_basic, mainiacjoe_overflow_two_lobes,
          nicolae_shop_self_help, uniq_blork_the_orc
D:6:      layout_basic, minmay_temple_entry_waves
D:7:      layout_rooms, nicolae_gozag_seed_capital, serial_shops, shop_statue,
          minmay_quadrilaterals, uniq_pikel
D:8:      gammafunk_boulding_lane, layout_gridville, erik_lair_island,
          enter_bailey_3, st_stairs_6, uniq_erica
D:9:      layout_basic, uniq_joseph
D:10:     layout_layer_cave, serial_rivers, chequers_serial_rivers_micro_d,
          chequers_serial_rivers_large_b, chequers_serial_rivers_micro_e,
          chequers_serial_rivers_micro_e, chequers_serial_rivers_small_3,
          serial_shops, shop, grunt_ministairs_5, dreamdust_gnoll_shepherd,
          uniq_nergalle, uniq_erolcha
D:11:     layout_stronghold, nicolae_qazlal_eye_of_the_storm
Temple:   nicolae_temple_no_exploring_needed
Lair:1:   layout_gridlike, uniq_gastronok, uniq_harold
Lair:2:   layout_loops_ring, nicolae_spider_entry_tight_spaces
Lair:3:   layout_misc_corridors, minmay_swamp_entry_reptiles,
          chequers_serial_rivers_room_a
Lair:4:   layout_roguey, grunt_forest_large_clearing_hut,
          infiniplex_staircase_pool, uniq_rupert, uniq_josephine

Skill      XL: |  1  2  3  4  5  6  7  8  9 10 11 12 13 |
---------------+----------------------------------------+-----
Dodging        | 1 2 4 5 8 10 | 10.0
Fire Magic     | 3 4 5 6 7 |  7.0
Spellcasting   | 2 3 7 9 10 | 10.0
Fighting       | 4 5 6 7 10 | 10.0
Stealth        | 2 3 |  3.0
Short Blades   | 5 6 |  6.2
Throwing       | 2 |  2.0
Evocations     | 2 |  2.0
Poison Magic   | 3 |  3.0
Conjurations   | 3 5 6 |  6.5
Air Magic      | 3 5 6 |  6.5
Ice Magic      | 2 6 |  6.5
Axes           | |  2.6

Action                     |  1- 3 |  4- 6 |  7- 9 | 10-12 | 13-15 || total
---------------------------+-------+-------+-------+-------+-------++-------
  Melee: Hand axe          |    36 |    23 |       |       |       ||    59
         Headbutt          |     4 |     3 |    23 |    24 |    22 ||    76
         Spear             |       |     5 |       |       |       ||     5
         Short sword       |       |       |    53 |       |       ||    53
         Punch             |       |       |     3 |     1 |     1 ||     5
         Dagger            |       |       |    45 |   136 |   106 ||   287
  Throw: Dart              |       |     2 |       |       |       ||     2
   Cast: Scorch            |    12 |    65 |   160 |   256 |   154 ||   647
         Mephitic Cloud    |       |       |       |    10 |     6 ||    16
         Ignite Poison     |       |       |       |     4 |     6 ||    10
         Freezing Cloud    |       |       |       |       |     3 ||     3
  Evoke: Wand              |       |     5 |       |     4 |       ||     9
         Lightning rod     |       |       |       |     3 |       ||     3
    Use: Scroll            |       |       |     9 |     2 |     8 ||    19
         Potion            |       |       |     2 |     2 |     2 ||     6
   Stab: Paralysed         |       |     7 |    70 |    88 |    59 ||   224
         Confused          |       |       |       |     2 |     1 ||     3
 Armour: Robe              |     9 |    10 |    25 |    35 |    37 ||   116
         Skin              |       |       |     1 |       |       ||     1
  Dodge: Dodged            |    28 |    18 |    64 |   115 |   121 ||   346

Table legend: (Time is in decaauts)
 A = Elapsed time spent in this place.
 B = Non-inter-level travel time spent in this place.
 C = Inter-level travel time spent in this place.
 D = Time resting spent in this place.
 E = Time spent auto-exploring this place.
 F = Levels seen in this place.
 G = Mean time per level.
                   A        B        C        D        E       F      G
               +--------+--------+--------+--------+--------+-----+--------+
         Total |  20339 |  19862 |    477 |   3206 |  13700 |  17 | 1196.4 |
       Dungeon |  13702 |  13310 |    392 |   1193 |  10565 |  11 | 1245.6 |
        Temple |      1 |      1 |      0 |      0 |      0 |   1 |    1.0 |
          Lair |   4818 |   4734 |     84 |    805 |   3084 |   4 | 1204.5 |
        Bailey |   1816 |   1816 |      0 |   1208 |     51 |   1 | 1816.0 |
               +--------+--------+--------+--------+--------+-----+--------+

Top non-repeatable levels by time:
    D:10: 1972 daAuts
  Lair:2: 1893 daAuts
  Bailey: 1816 daAuts
     D:8: 1586 daAuts
  Lair:1: 1531 daAuts
     D:5: 1398 daAuts
     D:4: 1389 daAuts
     D:2: 1114 daAuts
    D:11: 1103 daAuts
     D:7: 1098 daAuts
     D:1: 1078 daAuts
     D:9: 1074 daAuts
  Lair:3: 1064 daAuts
     D:3: 952 daAuts
     D:6: 933 daAuts
